 Dungeon Crawl Stone Soup version 0.29-a0-474-gdfe5cd140f (webtiles) character file.

Game seed: 13657766962072322154

15 lesaewzxc the Magician (level 2, -2/16 HPs)
             Began as a Deep Elf Hedge Wizard on May 23, 2022.
             Was an Initiate of Gozag.
             Frozen to death by an endoplasm (3 damage)
             ... on level 2 of the Dungeon.
             The game lasted 00:04:10 (440 turns).

lesaewzxc the Magician (Deep Elf Hedge Wizard)       Turns: 440, Time: 00:04:14

Health: -2/16      AC:  4    Str:  7    XL:     2   Next: 34%
Magic:  6/9        EV: 12    Int: 18    God:    Gozag
Gold:   50         SH:  0    Dex: 14    Spells: 9/10 levels left

rFire   . . .      SeeInvis .   a - +0 dagger
rCold   . . .      Faith    .   (no shield)
rNeg    . . .      Spirit   .   b - +0 robe
rPois   .          Reflect  .   c - +0 hat
rElec   .          Harm     .   e - +0 cloak
rCorr   .          Rampage  .   f - +0 pair of gloves
Will    .....                   (no boots)
Stlth   ++........              (no amulet)
HPRegen 0.05/turn               (no ring)
MPRegen 0.11/turn               (no ring)

@: no status effects
A: no striking features
a: Renounce Religion, Potion Petition, Call Merchant, Bribe Branch


You were on level 2 of the Dungeon.
You worshipped Gozag.
Gozag was noncommittal.
You visited 1 branch of the dungeon, and saw 2 of its levels.

You collected 56 gold pieces.
You paid 6 gold pieces to Gozag.

Inventory:

Hand Weapons
 a - a +0 dagger (weapon)
Armour
 b - a +0 robe (worn)
 c - a +0 hat (worn)
 e - a +0 cloak (worn)
 f - a +0 pair of gloves (worn)
Potions
 d - a potion of magic


   Skills:
 * Level 0.5 Fighting
 + Level 2.5 Dodging
 + Level 2.7 Stealth
 + Level 4.5 Spellcasting
 + Level 1.2 Conjurations
 * Level 1.5 Summonings
 + Level 1.3 Translocations


You had 9 spell levels left.
You knew the following spells:

 Your Spells              Type           Power      Damage    Failure   Level
a - Magic Dart            Conj           32%        1d4       9%          1

Your spell library contained the following spells:

 Spells                   Type           Power      Damage    Failure   Level
 Blink                    Tloc           16%        N/A       12%         2
 Call Imp                 Summ           9%         N/A       12%         2
 Slow                     Hex            16%        N/A       14%         1
 Conjure Flame            Conj/Fire      6%         6-21      32%         3
 Mephitic Cloud           Conj/Pois/Air  5%         N/A       34%         3


Dungeon Overview and Level Annotations

Branches:
Dungeon (2/15)

Altars:
Gozag

Shops:
D:1 :


Message History

You hit the hobgoblin.
The hobgoblin is severely wounded.
The endoplasm freezes you.
You are frozen.
The hobgoblin misses you.
Aiming: Magic Dart (safe; 9% risk of failure)
Press: ? - help, Q - select action, (/) - cycle Shift-Dir - straight line, f - endoplasm
Aim: an endoplasm (100% to hit)
The magic dart hits the endoplasm but does no damage.
The endoplasm hits you but does no damage.
The hobgoblin hits you but does no damage.
Aiming: Magic Dart (safe; 9% risk of failure)
Press: ? - help, Q - select action, (/) - cycle Shift-Dir - straight line, f/p - endoplasm
Aim: an endoplasm (100% to hit)
The magic dart hits the endoplasm.
The endoplasm is heavily wounded.
The endoplasm hits you but does no damage.
The hobgoblin hits you.
* * * LOW HITPOINT WARNING * * *
Aiming: Magic Dart (safe; 9% risk of failure)
Press: ? - help, Q - select action, (/) - cycle Shift-Dir - straight line, f/p - endoplasm
Aim: an endoplasm (heavily wounded, 100% to hit)
The magic dart hits the endoplasm.
The endoplasm is almost dead.
The hobgoblin misses you. The endoplasm freezes you.
You are frozen.
* * * LOW HITPOINT WARNING * * *
Aiming: Magic Dart (safe; 9% risk of failure)
Press: ? - help, Q - select action, (/) - cycle Shift-Dir - straight line, f - hobgoblin, p - endoplasm
Aim: a hobgoblin (severely wounded, 100% to hit)
Okay, then.
Okay, then.
As you read the scroll labelled EJEZOT GIRGHUSA, it crumbles to dust.
You feel aware of your surroundings.
You sensed 1 altar, and 1 shop/portal.
It was a scroll of magic mapping.
The hobgoblin hits you but does no damage.
The endoplasm freezes you.
You are frozen.
You die...
Your body crumbles into a pile of gold.

**,*,** *,,,,,**,,,,,*****
*,***,* *,,,,,**,,,,,,,,,*
**,,,** *,,,,,***,*,****,* *,,,*
*,,,,,**,***,***,* *,,,*
*,,,,,*,## **,**,* *,***
**#.####.***,,**,* #.#
#..><.#,*,*,**,* #.#
****#J#*,,,,,,,* #.#
##@#####,**** ##.##
######.g....#,********** #...##
#........##.#,,,,,,,,,,,
.....#####.####...#*,*,,,,,,,,***
...........#**#........***,,,,,,*
.......#####,,...###.#.**,,,,,*,,
....#.>#*,,,,.#...,,,#,**,,,,,***
.#.##..##,,,.$#####***,**,**,,,,,
........#,,.r,,* *****,,,,,,,****


You could see an endoplasm and a hobgoblin.

Vanquished Creatures
  A gnoll (D:1)
  A dart slug (D:1)
  A giant cockroach (D:1)
  2 frilled lizards
5 creatures vanquished.

Vanquished Creatures (others)
  A plant (D:1)
1 creature vanquished.

Grand Total: 6 creatures vanquished

Notes
Turn   | Place    | Note
-------+----------+-------------------------------------------
     0 | D:1      | lesaewzxc the Deep Elf Hedge Wizard began the quest for the
                  | Orb.
     0 | D:1      | Reached XP level 1. HP: 10/10 MP: 7/7
    51 | D:1      | Reached XP level 2. HP: 13/16 MP: 2/9
   138 | D:1      | Found an opulent altar of Gozag.
   155 | D:1      | Became a worshipper of Gozag Ym Sagoz the Greedy
   237 | D:1      | Found Nyfyul's Book Emporium.
   281 | D:1      | Found a faded altar of an unknown god.
   440 | D:2      | Frozen to death by an endoplasm

Illustrated notes

Levels and vault maps discovered:
D:1:      onia_arrival_pyramid, layout_basic, serial_shops, shop,
          chequers_ecumenical_altar_simple, serial_forest,
          infiniplex_forest_straight_2, infiniplex_forest_straight_2,
          infiniplex_forest_end_double, infiniplex_forest_corner_2,
          infiniplex_forest_lined_3, infiniplex_forest_clump_tiny,
          infiniplex_forest_corner_1, infiniplex_forest_straight_4,
          infiniplex_forest_straight_3, minmay_hedge_maze,
          kennysheep_flooded_box
D:2:      layout_loops_cross, serial_shops, nicolae_shop_waterfront,
          serial_glass, glass_columns_a, glass_columns_b, basic_altar

Action                   || total
-------------------------++-------
Melee: Dagger            ||    25
 Cast: Magic Dart        ||    15
  Use: Scroll            ||     2
Armor: Robe              ||     8
Dodge: Dodged            ||    17

Table legend: (Time is in decaauts)
 A = Elapsed time spent in this place.
 B = Non-inter-level travel time spent in this place.
 C = Inter-level travel time spent in this place.
 D = Time resting spent in this place.
 E = Time spent auto-exploring this place.
 F = Levels seen in this place.
 G = Mean time per level.
                   A        B        C        D        E       F      G
               +--------+--------+--------+--------+--------+-----+--------+
         Total |    442 |    442 |      0 |      0 |    120 |   2 |  221.0 |
       Dungeon |    442 |    442 |      0 |      0 |    120 |   2 |  221.0 |
               +--------+--------+--------+--------+--------+-----+--------+

Top non-repeatable levels by time:
     D:1: 343 daAuts
     D:2: 98 daAuts
